Cogmind - Beta 14 @@@ ROGUE MODE // 2024.08.10 @ 15:25:35 Player: Sgt. SmokeWeed Result: Destroyed by G-34 Mercenary with Small Laser Performance ------------- Evolutions (1) 500 Regions Visited (3) 600 Robots Destroyed (85) 425 Value Destroyed (1852) 1852 Prototype IDs (1) 20 Alien Tech Used (0) 0 Bonus (492) 492 TOTAL SCORE: 3889 Bonus ------- High Alert Combat Kills 492 Cogmind --------- Core Integrity 0/400 Matter 123/300 Energy 274/280 System Corruption 2% Temperature Cool (15) Movement Treading (160) Location -9/Materials Parts ------- > --- POWER (1) -------- Heavy Ion Engine > --- PROPULSION (2) --- Light Treads Improved Treads > --- UTILITY (4) ------ Hacking Suite > --- WEAPON (2) ------- (None) > --- INVENTORY (5) ---- Improved Ion Engine Improved Ion Engine Light Treads Improved Heat Sink Improved Heat Sink Peak State ------------ > --- POWER ------------ Heavy Ion Engine > --- PROPULSION ------- Improved Aluminum Leg Improved Aluminum Leg > --- UTILITY ---------- Weapon Shielding > --- WEAPON ----------- Heavy Assault Rifle Mini Grenade Launcher > --- INVENTORY -------- Improved Ion Engine Light Treads Improved Heat Sink Heavy Assault Rifle Heavy Assault Rifle [Rating: 13] Favorites ----------- Power Light Ion Engine Engine Light Ion Engine Propulsion Light Treads Treads Light Treads Leg Improved Aluminum Leg Utility Weapon Shielding Hackware Hacking Suite Protection Weapon Shielding Weapon Assault Rifle Energy Cannon Light EM Pulse Cannon Ballistic Gun Assault Rifle Launcher Mini Grenade Launcher Build | -11 -10 -10 -9 ------- Run | Yrd Mat Min Mat Slots Evolved 2 | . . . 2 Power . | . . . . Propulsion . | . . . . Utility 2 | . . . 2 Weapon . | . . . . Parts Attached 29 | 5 1 . 23 Power 6 | 1 . . 5 Engine 6 | 1 . . 5 Core . | . . . . Reactor . | . . . . Propulsion 10 | 2 . . 8 Treads 8 | 2 . . 6 Leg 2 | . . . 2 Wheel . | . . . . Hover . | . . . . Flight . | . . . . Utility 3 | . . . 3 Device . | . . . . Storage . | . . . . Processor . | . . . . Hackware 1 | . . . 1 Protection 2 | . . . 2 Artifact . | . . . . Weapon 10 | 2 1 . 7 Energy Gun . | . . . . Energy Cannon 1 | . . . 1 Ballistic Gun 6 | 2 . . 4 Ballistic Cannon . | . . . . Launcher 3 | . 1 . 2 Special Weapon . | . . . . Impact Weapon . | . . . . Slashing Weapon . | . . . . Piercing Weapon . | . . . . Special Melee Weapon . | . . . . Unidentified Prototypes 1 | . . . 1 Parts Lost 10 | . . . 10 Power 1 | . . . 1 Propulsion 2 | . . . 2 Utility 2 | . . . 2 Weapon 5 | . . . 5 Highest Loss Streak 4 | . . . 4 To Critical Strikes . | . . . . Average Slot Usage (%) 65 | . 71 71 62 Engine 11 | . 14 14 10 Treads 21 | . 28 28 18 Leg 1 | . . . 2 Protection 5 | . . . 7 Ballistic Gun 16 | . 25 14 12 Launcher 7 | . 2 14 8 Peak Build Rating 13 | 5 5 5 13 Average Rating 7 | 4 4 5 9 On Entrance 3 | . 5 5 5 Naked Turns . | . . . . Heaviest Build 16 | 6 8 8 16 Greatest Support 43 | 40 40 40 43 Greatest Overweight (x) . | . . . . Average Overweight (x) . | . . . . Largest Inventory Capacity 5 | 5 5 5 5 Average Capacity 5 | 5 5 5 5 Most Carried 5 | . . . 5 Average Carried 2 | . . . 4 Final Capacity 5 | 5 5 5 5 Final Carried 5 | . . . 5 Class Distribution -------------------- 100% | Mutant Dominant Class ---------------- Mutant | -10/Materials Mutant | -10/Mines Mutant | -9/Materials Resources | -11 -10 -10 -9 ----------- Run | Yrd Mat Min Mat Matter Collected 1244 | 210 112 . 922 Remotely . | . . . . Salvage Created 2042 | . 269 . 1773 Parts 149 | 1 27 . 121 Haulers Intercepted 6 | . 1 . 5 Recyclers Shooed 2 | . 1 . 1 Parts Field Recycled . | . . . . Retrieved Matter . | . . . . Parts Self-Destructed . | . . . . Prevented . | . . . . Kills | -11 -10 -10 -9 ------- Run | Yrd Mat Min Mat Combat Hostiles Destroyed 56 | . 8 . 48 Guns 24 | . 8 . 16 Cannons 1 | . . . 1 AOE 31 | . . . 31 Classes Destroyed 12 | 1 6 . 5 Worker 7 | . . . 7 Builder 4 | . 1 . 3 Tunneler 2 | 1 . . 1 Hauler 6 | . 1 . 5 Recycler 2 | . . . 2 Operator 2 | . 1 . 1 Watcher 6 | . 1 . 5 Swarmer 18 | . 6 . 12 Grunt 26 | . 2 . 24 Brawler 3 | . . . 3 Protector 2 | . . . 2 Sentry 7 | . . . 7 Best Kill Streak 10 | 1 5 . 10 Combat Bots Only 8 | . 4 . 8 Max Kills in Single Turn 5 | 1 2 . 5 Gunslinging 1 | . 1 . . Exploded 3 | . . . 3 Melee . | . . . . Uniques/NPCs Destroyed . | . . . . Combat | -11 -10 -10 -9 -------- Run | Yrd Mat Min Mat Hostile Shots Fired 198 | . 21 . 177 Missed 60 | . 7 . 53 Damage Taken 2079 | . 124 . 1955 Core 427 | . 17 . 410 Absorbed by Shields . | . . . . Redirected to Shielding 52 | . . . 52 Core Remaining (%) 96 | 100 . 93 . Volleys Fired 147 | . 20 . 127 Largest 2 | . 2 . 2 Hottest 56 | . 50 . 56 Shots Fired 239 | . 40 . 199 Gun 188 | . 39 . 149 Cannon 3 | . . . 3 Launcher 48 | . 1 . 47 Special . | . . . . Kinetic 188 | . 39 . 149 Thermal . | . . . . Explosive 48 | . 1 . 47 Electromagnetic 3 | . . . 3 Robot Hit Streak 10 | . 5 . 10 Robot Miss Streak 4 | . 4 . 4 Penetration Max . | . . . . Secondary Targets 2 | . 1 . 1 Max Gunslinging Chain 1 | . 1 . 1 Shots Hit Robots 132 | . 24 . 108 Core Hits 118 | . 17 . 101 Critical Kills 1 | . . . 1 Critical Parts Destroyed . | . . . . Critical Strikes 1 | . . . 1 Destroy 1 | . . . 1 Melee Attacks . | . . . . Impact . | . . . . Slashing . | . . . . Piercing . | . . . . Sneak Attacks . | . . . . Combat Hostiles . | . . . . Follow-up Attacks . | . . . . Damage Inflicted 4697 | 2 295 . 4400 Guns 1515 | . 247 . 1268 Cannons 59 | . . . 59 Explosions 3101 | . 48 . 3053 Melee . | . . . . Ramming 22 | 2 . . 20 Kinetic 1515 | . 247 . 1268 Thermal . | . . . . Explosive 3101 | . 48 . 3053 Electromagnetic 59 | . . . 59 Impact . | . . . . Slashing . | . . . . Piercing . | . . . . Highest Corruption 2 | . . . 2 Average Corruption 2 | . . . 2 Corruption Purged . | . . . . Corruption Blocked . | . . . . Effects 19 | . . . 19 Message Errors 6 | . . . 6 Matter Fused 4 | . . . 4 Heat Flow Errors 2 | . . . 2 Data Loss (minor) 1 | . . . 1 Data Loss (major) 2 | . . . 2 Misfires 3 | . . . 3 Weapon Failures 1 | . . . 1 Overload Shots . | . . . . Overflow Damage 132 | . . . 132 Projectiles . | . . . . Explosions 132 | . . . 132 Melee . | . . . . Knockbacks . | . . . . Impact . | . . . . Kinetic . | . . . . Secondary . | . . . . Self-Inflicted Damage 241 | . . . 241 Shots 9 | . . . 9 Rammed 10 | . 1 . 9 Targets Rammed 15 | 1 1 . 13 Kicked 4 | . . . 4 Crushed 1 | 1 . . . Highest Temperature 269 | . 6 . 269 Average Temperature 58 | . 6 . 59 Received Heat Transfer 711 | . 12 . 699 Siege Activations . | . . . . Robots Corrupted . | . . . . Combat Hostiles . | . . . . Parts Fried . | . . . . Impact Corruptions . | . . . . Robots Melted . | . . . . Combat Hostiles . | . . . . Parts Melted . | . . . . Heat Transferred . | . . . . Parts Sabotaged . | . . . . Parts Stolen . | . . . . Parts Stripped . | . . . . Power Chain Reactions . | . . . . Alert | -11 -10 -10 -9 ------- Run | Yrd Mat Min Mat Peak Influence 1272 | . 235 7 1272 Initial 7 | . 3 7 2 Average 474 | . 92 7 698 Maximum Alert Level 4 | . 1 . 4 Low Security (%) 38 | 100 73 100 15 Level 1 16 | . 26 . 14 Level 2 12 | . . . 20 Level 3 20 | . . . 32 Level 4 11 | . . . 17 Level 5 . | . . . . High Security . | . . . . Max Security . | . . . . Squads Dispatched 8 | . 2 . 6 Investigation 3 | . 1 . 2 Extermination . | . . . . Reinforcement 2 | . 1 . 1 Assault 3 | . . . 3 Garrison . | . . . . Intercept . | . . . . Searches Triggered . | . . . . Construction Impeded . | . . . . Haulers Reinforced . | . . . . Active Scanning Responses . | . . . . Cargo Convoy Interrupts . | . . . . Stealth | -11 -10 -10 -9 --------- Run | Yrd Mat Min Mat Distress Signals 4 | . 2 . 2 Communications Jammed . | . . . . Distress Signals . | . . . . Times Spotted 91 | . 15 . 76 Peak Tracking Total 5 | . 5 . 5 Tactical Retreats 2 | . . . 2 Traps | -11 -10 -10 -9 ------- Run | Yrd Mat Min Mat Traps Triggered 3 | . 1 . 2 Indirectly . | . . . . Trap Hack Attempts . | . . . . Triggered . | . . . . Disarmed . | . . . . Reprogrammed . | . . . . Reused . | . . . . Traps Extracted . | . . . . Installed . | . . . . Triggered . | . . . . Machines | -11 -10 -10 -9 ---------- Run | Yrd Mat Min Mat Machines Disabled 7 | . . . 7 Max in Single Turn 2 | . . . 2 Machines Repaired . | . . . . Machines Dismantled . | . . . . Machines Sabotaged . | . . . . Overloaded Fab Kills . | . . . . Hacking | -11 -10 -10 -9 --------- Run | Yrd Mat Min Mat Machines Accessed 7 | . 4 . 3 Terminals 7 | . 4 . 3 Fabricators . | . . . . Repair Stations . | . . . . Recycling Units . | . . . . Scanalyzers . | . . . . Garrison Access . | . . . . Total Hacks 16 | . 9 . 7 Successful 4 | . 3 . 1 Failed 12 | . 6 . 6 Catastrophic 5 | . 3 . 2 Database Lockouts . | . . . . Manual 16 | . 9 . 7 Terminals 16 | . 9 . 7 Fabricators . | . . . . Repair Stations . | . . . . Recycling Units . | . . . . Scanalyzers . | . . . . Garrison Access . | . . . . Terminal Hacks 4 | . 3 . 1 Branch Access Points 2 | . 1 . 1 Alert Level 1 | . 1 . . Unreport Threat 1 | . 1 . . Fabricator Hacks . | . . . . Repair Station Hacks . | . . . . Recycling Unit Hacks . | . . . . Scanalyzer . | . . . . Garrison Access Hacks . | . . . . Unauthorized Hacks . | . . . . Terminals . | . . . . Fabricators . | . . . . Repair Stations . | . . . . Recycling Units . | . . . . Scanalyzers . | . . . . Garrison Access . | . . . . Data Cores Recovered . | . . . . Used . | . . . . Hacking Detections 6 | . 3 . 3 Full Trace Events 1 | . 1 . . Feedback Events . | . . . . Feedback Blocked . | . . . . Robot Schematics Acquired . | . . . . Robots Built . | . . . . Authchips . | . . . . Time . | . . . . Total Robot Build Rating . | . . . . Part Schematics Acquired . | . . . . Parts Built . | . . . . Authchips . | . . . . Time . | . . . . Total Part Build Rating . | . . . . Parts Repaired . | . . . . Time . | . . . . Parts Recycled . | . . . . Recycled Matter . | . . . . Retrieved Matter . | . . . . Retrieved Components . | . . . . Parts Scanalyzed . | . . . . Part Schematics Acquired . | . . . . Parts Damaged . | . . . . Bothacking | -11 -10 -10 -9 ------------ Run | Yrd Mat Min Mat Used RIF Installer . | . . . . Robots Hacked . | . . . . Non-combat . | . . . . Combat . | . . . . Robot Hacks Applied . | . . . . Relay Couplers Released . | . . . . Fabnet Peak Effective % . | . . . . Robots Rewired . | . . . . Allies Hacked . | . . . . Hacks Repelled . | . . . . Allies | -11 -10 -10 -9 -------- Run | Yrd Mat Min Mat Total Allies . | . . . . Largest Group . | . . . . Highest-Rated Group . | . . . . Highest-Rated Ally . | . . . . Total Orders . | . . . . Ally Attacks . | . . . . Total Damage . | . . . . Kills . | . . . . Allies Corrupted . | . . . . Allies Melted . | . . . . Intel | -11 -10 -10 -9 ------- Run | Yrd Mat Min Mat Robot Analysis Total . | . . . . Derelict Logs Recovered . | . . . . Drone Launches . | . . . . Drone Recoveries . | . . . . Exploration | -11 -10 -10 -9 ------------- Run | Yrd Mat Min Mat Turns Passed 3190 | 53 931 165 2041 Spaces Moved 1590 | 39 396 104 1051 Core 16 | 16 . . . Treads 1379 | 23 396 104 856 Legs 195 | . . . 195 Wheels . | . . . . Hover . | . . . . Flight . | . . . . Fastest Speed 50 | 50 160 160 120 Average Speed 153 | 114 160 160 152 Slowest Speed 160 | 160 160 160 160 Overloaded Moves . | . . . . Propulsion Burnouts . | . . . . Robots Hopped . | . . . . Cave-ins Triggered . | . . . . Exploration Rate (%) 39 | 3 48 42 63 Regions Visited 3 Branch Regions 1 Pre-discovered Areas . | . . . . Known Exits Taken 1 | . 1 . . Unknown Exits Taken 2 | 1 . 1 . Scrap Searched . | . . . . Spaces Dug . | . . . . Terrain Destroyed 421 | . 8 . 413 Melee . | . . . . Projectile . | . . . . AOE 421 | . 8 . 413 Terrain Rammed . | . . . . Walls Destroyed . | . . . . Machines Disabled . | . . . . Actions | -11 -10 -10 -9 --------- Run | Yrd Mat Min Mat Total 2089 | 44 657 103 1285 Wait 286 | . 239 . 47 Move 1588 | 39 395 103 1051 Hop . | . . . . Pick Up 11 | . . . 11 Fast Attach 17 | 5 1 . 11 Attach 6 | . . . 6 Detach . | . . . . Swap 6 | . . . 6 Drop 14 | . 1 . 13 Fire 147 | . 20 . 127 Melee . | . . . . Ram . | . . . . Kick 4 | . . . 4 Crush 10 | . 1 . 9 Escape Stasis . | . . . . Rewire . | . . . . Trap . | . . . . Miscellaneous . | . . . . Route ------- -11/Scrapyard -10/Materials (discovered 5 exits: *Mat x2 / *Min x2 / [*Sub]) -10/Mines -9/Materials (discovered 4 exits: [*Mat x3] / *Min) History --------- Turn | Location | Event 3 | -11/Scrapyard | Discovered new exit (range 15) 54 | -11/Scrapyard | Entered Materials 131 | -10/Materials | Identified exit to Mines 251 | -10/Materials | Discovered new exit (range 6) 302 | -10/Materials | Build established: Mutant 554 | -10/Materials | Discovered new exit (range 4) 754 | -10/Materials | Derelicts attacked the area 878 | -10/Materials | Discovered new exit (range 5) 985 | -10/Materials | Entered Mines 1120 | -10/Mines | Discovered new exit (range 11) 1150 | -10/Mines | Entered Materials 1150 | -9/Materials | Evolved 2 slots: Utility x2 1831 | -9/Materials | Destroyed 8 combat bots 1971 | -9/Materials | Lost 4 parts (1p1n1u1w) 2050 | -9/Materials | Discovered new exit (range 16) 2275 | -9/Materials | Core integrity fell below 50% 2316 | -9/Materials | Discovered new exit (range 9) 2319 | -9/Materials | Identified exit to Mines 2350 | -9/Materials | First assault squad dispatched 2565 | -9/Materials | Discovered new exit (range 9) 2869 | -9/Materials | Core integrity fell below 20% 2893 | -9/Materials | Lost 3 parts (1n1u1w) 3191 | -9/Materials | Destroyed by G-34 Mercenary with Small Laser Last Messages --------------- I-25 Savior destroyed. G-34 Mercenary destroyed. Acquired 30 matter. Acquired Imp. Ion Engine. Acquired 24 matter. %5L&0=XVL:HM5LJY UQALQWQBX L-31 Rogue unfolds itself. M-13 Machinist unfolds itself. O-16 Technician destroyed. Switching to secondary target: L-31 Rogue. Hvy. Assault Rifle severed. Hvy. Assault Rifle destroyed. Slammed into L-31 Rogue. Acquired Hacking Suite. Map ----- +----------------------------------------------------+ | #??????# """ + """"" #?##"!!!"##?# # | | #??????# # """"" #?#"" ""#?# # | | #??????+ =###= """"" #?# ### # | | #??????# """ #?# """"" #?# > ="%[! # | | ##?????# """ #?# #?# ### + | | ####### """ ############?# #?## # | | # !!! #?????## ##??# # | | ! + !!! ######### ######+# | | ###### !!! # # # T # | | ####### # ##?# # + + # | | ######### ###??######## # # """ # | | # ########????######### # """ ####### | | """ # #]]] #??########### # """ #?????? | | """ # #]]] #??# """ # # #?????? | | """ + #]] #??# "T" !+ ########?????? | | # # #??# #[ #????????????? | | """ # #??# # #????????????? | | """ # #??########### #????????????? | | """ # ########## ##### ######???????? | | # #???# #???????? | | ######### ###### % * #???????? | | ?????# # t ! #???????? | | ?????# # [ #######+## ! ##+####### #???????? | | ????## #!= ! ##??? ## m ##????????? #???????? | | ????# # ! #??? ?# gg#??????????? + ??????? | | ????# # ##??"" ##%@ #??????????? # ?????? | | ????# ##= #??"" ##l [#???????????? ####????? | | ????## ## #?""" ## #???????????? ???????? | | ????## ## [# ##? # ????????????? #??????? | | ????#// [* * #??###### #?????????????#??????? | | ????#// [* ##???????# #????????????????????? | | ????#!! !##????????# #????????????????????? | | ????#!! !#?????????# #????????????????????? | | ????#]] *#?????????###+###????????????????????? | | ????#]] #??????????? ???????????????????????? | | ????##### !##?????????? "???????????????????????? | | ???????## ##?????????? "???????????????????????? | | ???????## !##?????????? "???????????????????????? | | #?????### %%##?????????? ????????????????????????? | | #?????# #!*=##????????? ??????####+####?????????? | | ??????### [!###????# ########### #?????????? | | ???????# * [%####### ! #?????????? | | ??????? * #?????????? | | ##????? """ ** ###########???? | | ####### % %%* """"" *** # #???? | | ####### % """"" ** # #???? | | ###### ######?######[ """"" + #???? | | #????############### """ # #???? | | ##????????# # # #???? | | ??????????# + # #???? | +----------------------------------------------------+ Best States ------------- Heat Dissipation 28 Energy Generation 14 Energy Capacity 280 Matter Stores 300 Matter Capacity 300 Sight Range 16 Terrain Scan Density 10 Armor Coverage 150 Weapon Shielding 33 Evasion (%) 55 Recoil Reduction 2 Item Schematics ----------------- None Robot Schematics ------------------ None Fabricated ------------ Nothing Alien Tech Used ----------------- None Achievements -------------- None Challenges ------------ None Game ------ Seed BattleAbsorptionDoublenader Manual? 0 Play Time 00:16:38 Cumulative 71.9 hours Start 2024.08.10 @ 15:09:52 End 2024.08.10 @ 15:25:35 Sessions 1 Manual Loads 0 Difficulty Rogue Special Mode None Game No. 176 Rogue 101 Adventurer 75 Explorer 0 Win Type - Total 0 Types 0/0/0/0/0/0/0/0/0 Lore% 40 Gallery% 42 Achievement% 35 Wizard Run 0 Options --------- Layout 0 ASCII 0 Keyboard 0 Movement Mouse Keybinds 0 Fullscreen 1 Font 24/Smallcaps Map View 76x50 Zoom Use 0% Tactical HUD 0 Map Filters NONE Filters NONE Steam 1 RUN: 871ee9f1-8976-4631-adcf-ad22ba04b7bc